AoeStats
← | ArCas | Toruk Makto

Fortress

509255089Analyzed
4v4 RM · 5d ago on Sep 26, 2026· 54m 27s· 8 players
Game mode
Random Map
Map size
Huge
Population
200
Speed
Normal
Resources
Standard
Victory
Conquest
Starting age
Dark Age
Ending age
Imperial Age
RankedLock teamsTeams togetherTeam positionsShared explorationLock speedFull tech treeHidden civsTurbo modeCheats
Victory
Defeat
🇲🇽 Khmer · Mexico
1371
+11
🇲🇽 Varangians · Mexico
1330
+13
🇦🇷 Mongols · Argentina
1315
+13
🇹🇼 Danes · Taiwan
1263
+16
🇺🇸 Hindustanis · United States
1391
-19
🇺🇸 Magyars · United States
1228
-12
🇨🇴 Bohemians · Colombia
1211
-11
🇨🇴 Koreans · Colombia
1211
-11
:) YO30830
7:19 Feudal Age
7:58 Double-Bit Axe
11:32 Castle Age
9:45 Horse Collar
13:00 Bow Saw
13:16 Heavy Plow
14:37 Loom
21:00 Scale Barding Armor
21:06 Forging
22:44 Vendel Legacy
24:37 Bloodlines
24:27 Husbandry
26:59 Iron Casting
26:45 Chain Barding Armor
26:58 Gold Mining
27:00 Stone Mining
37:36 Imperial Age
37:45 Cavalier
39:29 Blast Furnace
40:59 Plate Barding Armor
42:02 Fletching
42:35 Conscription
41:35 Gothikon
43:19 Capped Ram
44:10 Siege Ram
50:51 Elite Varangian Guard
52:54 Scale Mail Armor
52:50 Bodkin Arrow
52:55 Gambesons
53:10 Squires
52:56 Arson
| ArCas | Toruk Makto
7:34 Feudal Age
11:17 Castle Age
9:47 Double-Bit Axe
9:50 Horse Collar
12:41 Husbandry
12:57 Bow Saw
13:10 Heavy Plow
17:42 Loom
20:13 Bloodlines
21:05 Forging
20:46 Fletching
20:58 Padded Archer Armor
23:18 Wheelbarrow
23:03 Bodkin Arrow
23:29 Gold Mining
25:25 Hand Cart
24:55 Town Watch
26:28 Gold Shaft Mining
25:44 Stone Mining
28:31 Imperial Age
26:56 Leather Archer Armor
26:53 Forging
27:21 Ballistics
30:07 Stone Shaft Mining
29:09 Elite Mangudai
30:09 Conscription
31:07 Chemistry
30:11 Bracer
30:46 Iron Casting
32:01 Light Cavalry
34:03 Blast Furnace
33:08 Scale Barding Armor
34:17 Drill
35:14 Hussar
36:44 Hoardings
42:08 Chain Barding Armor
41:49 Scale Mail Armor
42:34 Masonry
42:19 Murder Holes
43:48 Nomads
45:41 Hand Cart
45:48 Chain Mail Armor
45:56 Caravan
46:44 Sappers
48:47 Plate Mail Armor
48:20 Guard Tower
48:37 Siege Engineers
AnuBis Killer
0:53 Loom
1:14 Loom
8:02 Feudal Age
11:18 Castle Age
10:36 Scale Barding Armor
10:32 Double-Bit Axe
11:48 Bloodlines
HPer
7:33 Feudal Age
8:21 Double-Bit Axe
11:24 Castle Age
9:30 Horse Collar
11:36 Arson
12:23 Bow Saw
13:19 Loom
16:46 Wheelbarrow
17:19 Forging
18:15 Scale Mail Armor
19:47 Chain Mail Armor
22:35 Hand Cart
27:13 Heavy Plow
30:05 Gold Mining
30:54 Town Watch
31:06 Stone Mining
35:44 Imperial Age
34:09 Masonry
34:40 Iron Casting
33:27 Hamask
34:08 Pikeman
34:48 Squires
36:11 Capped Ram
36:12 Halberdier
37:55 Blast Furnace
38:02 Conscription
37:51 Siege Ram
38:44 Gambesons
38:48 Northmen's Fury
39:29 Elite Varangian Guard
40:55 Gold Shaft Mining
42:25 Hoardings
41:26 Onager
43:11 Siege Onager
45:41 Plate Mail Armor
47:35 Elite Jomsviking
48:48 Siege Engineers
48:48 Caravan
52:01 Fletching
52:32 Ballistics
53:13 Chemistry
Arribia
5:27 Loom
8:21 Feudal Age
10:14 Wheelbarrow
12:34 Castle Age
12:02 Double-Bit Axe
12:00 Horse Collar
12:12 Gold Mining
13:47 Bow Saw
20:19 Imperial Age
18:40 Fletching
19:46 Pikeman
31:25 Man-at-Arms
32:56 Forging
32:46 Scale Mail Armor
32:59 Bloodlines
32:49 Husbandry
33:32 Gold Shaft Mining
33:42 Scale Barding Armor
36:26 Bodkin Arrow
36:31 Padded Archer Armor
36:13 Elite Skirmisher
37:42 Bracer
38:04 Ballistics
38:44 Chemistry
38:40 Leather Archer Armor
38:50 Long Swordsman
40:11 Ring Archer Armor
43:49 Two-Handed Swordsman
44:40 Squires
44:26 Arson
44:36 Champion
46:14 Iron Casting
45:39 Scale Mail Armor
Little Monster
6:56 Feudal Age
7:04 Feudal Age
8:39 Double-Bit Axe
11:32 Castle Age
9:38 Horse Collar
11:51 Scale Barding Armor
11:42 Gold Mining
20:20 Loom
21:20 Bow Saw
22:14 Bloodlines
24:24 Wheelbarrow
23:51 Heavy Plow
24:08 Town Watch
24:35 Stone Mining
26:04 Husbandry
26:26 Hand Cart
30:10 Imperial Age
28:24 Corvinian Army
29:44 Gold Shaft Mining
29:12 Town Patrol
30:39 Elite Magyar Huszar
34:06 Conscription
34:31 Chain Barding Armor
38:08 Plate Barding Armor
39:00 Fletching
39:19 Cavalier
40:22 Bodkin Arrow
41:22 Bracer
41:38 Murder Holes
41:54 Masonry
42:22 Hoardings
43:15 Paladin
Caballero Cruzado
6:47 Feudal Age
7:51 Feudal Age
11:55 Castle Age
9:49 Double-Bit Axe
10:44 Wheelbarrow
11:17 Horse Collar
12:54 Bow Saw
15:03 Fervor
16:50 Hand Cart
21:28 Loom
23:20 Town Watch
27:41 Imperial Age
25:36 Scale Mail Armor
25:47 Forging
26:44 Wagenburg Tactics
29:27 Conscription
29:33 Fletching
31:12 Padded Archer Armor
31:07 Bodkin Arrow
31:37 Crossbowman
35:10 Town Patrol
36:09 Arbalester
36:50 Bracer
37:05 Leather Archer Armor
39:11 Ballistics
39:51 Chemistry
38:58 Siege Engineers
39:34 Ring Archer Armor
45:24 Iron Casting
45:04 Chain Mail Armor
44:55 Squires
44:40 Arson
44:16 Pikeman
46:14 Murder Holes
46:30 Masonry
46:01 Man-at-Arms
christianperalta141
5:20 Feudal Age
11:33 Castle Age
9:33 Double-Bit Axe
26:13 Loom
27:50 Horse Collar
28:20 Bow Saw
29:53 Heavy Plow
30:09 Bow Saw
34:59 Fletching
38:31 Elite Skirmisher
39:53 Pikeman
41:54 Scale Mail Armor
42:05 Forging
42:11 Forging
42:57 Chain Mail Armor
47:50 Iron Casting
50:02 Wheelbarrow
54:01 Imperial Age
52:26 Bodkin Arrow
Connection lost

Rejoining the realm…

Still unreachable

The connection could not be restored.

Session expired

The server has moved on; the page needs a fresh start.